 Dungeon Crawl Stone Soup version 0.29-a0-529-gfa20dd96a1 (webtiles) character file.

Game seed: 4471044190723762730

90 zishaf the Grasshopper (level 4, -1/55 HPs)
             Began as a Barachi Warper on June 1, 2022.
             Slain by Natasha (2 damage)
             ... on level 3 of the Dungeon.
             The game lasted 00:03:19 (3055 turns).

zishaf the Grasshopper (Barachi Warper)             Turns: 3055, Time: 00:03:20

Health: -1/55      AC:  5    Str: 12    XL:     4   Next: 56%
Magic:  7/7        EV: 10    Int: 15    God:
Gold:   164        SH:  4    Dex: 12    Spells: 6/8 levels left

rFire   . . .      SeeInvis .   a - +0 falchion
rCold   . . .      Faith    .   p - +0 buckler
rNeg    . . .      Spirit   .   f - +0 ring mail
rPois   .          Reflect  .   (no helmet)
rElec   .          Harm     .   (no cloak)
rCorr   .          Rampage  .   (no gloves)
Will    .....                   (no boots)
Stlth   ..........              (no amulet)
HPRegen 0.18/turn               (no ring)
MPRegen 0.10/turn               (no ring)

@: berserking, slowed, slow
A: amphibious, slowness 1, strong legs 1, +LOS
a: Hop


You were on level 3 of the Dungeon.
You visited 1 branch of the dungeon, and saw 3 of its levels.

You collected 164 gold pieces.

Inventory:

Hand Weapons
 a - a +0 falchion (weapon)
Missiles
 d - 7 boomerangs of dispersal (quivered)
 r - a throwing net
Armour
 b - a +0 leather armour
 f - a +0 ring mail (worn)
 p - a +0 buckler (worn)
Wands
 u - a wand of polymorph (8)
Scrolls
 c - 2 scrolls of blinking
 g - a scroll of amnesia {unknown}
 h - 3 scrolls of teleportation {unknown}
 i - 3 scrolls of magic mapping {unknown}
 j - 2 scrolls of enchant weapon {unknown}
 k - 2 scrolls of immolation {unknown}
 l - 3 scrolls of identify {unknown}
 m - a scroll of poison {unknown}
 s - a scroll of acquirement {unknown}
 v - a scroll of fear {unknown}
Potions
 n - a potion of flight {unknown}
 o - a potion of curing {unknown}
 q - a potion of might {unknown}
 t - a potion of lignification {unknown}


   Skills:
 + Level 3.7 Fighting
 - Level 3.0 Long Blades
 - Level 1.0 Throwing
 - Level 1.2 Armour
 - Level 2.1 Dodging
 + Level 1.3 Shields
 - Level 2.5 Spellcasting
 + Level 4.2 Translocations


You had 6 spell levels left.
You knew the following spells:

 Your Spells              Type           Power      Damage    Failure   Level
A - Blink                 Tloc           28%        N/A       19%         2

Your spell library contained the following spells:

 Spells                   Type           Power      Damage    Failure   Level
 Gell's Gravitas          Tloc           14%        N/A       34%         3
 Lesser Beckoning         Tloc           14%        N/A       34%         3
 Teleport Other           Tloc           14%        N/A       34%         3
 Inner Flame              Hex/Fire       1%         N/A       89%         3
 Manifold Assault         Tloc           14%        N/A       97%         5
 Cause Fear               Hex            0%         N/A       100%        4
 Storm Form               Tmut/Air       0%         N/A       100%        7
 Discord                  Hex            0%         N/A       100%        8


Dungeon Overview and Level Annotations

Branches:
Dungeon (3/15)

Altars:
Nemelex Xobeh

Annotations:
D:3 Natasha


Innate Abilities, Weirdness & Mutations

You are amphibious.
You cover ground slowly.
You can hop short distances.
You have an extended range of vision and can be seen from far away.


Message History

Natasha is nearby!
Natasha hisses angrily.
Natasha claws you!
You miss Natasha.
Natasha stares at you and mumbles some strange words.
You feel yourself slow down. Natasha claws you.
You closely miss Natasha.
Natasha hisses.
Natasha misses you.
You closely miss Natasha. Natasha claws you. x2
You barely miss Natasha.
Natasha extends her claws.
Natasha misses you. You block Natasha's attack.
You closely miss Natasha. Natasha claws you. Natasha barely misses you.
You hit Natasha.
Natasha is lightly wounded.
Natasha claws you. Natasha barely misses you.
You closely miss Natasha.
Natasha is lightly wounded.
Natasha claws you. x2
You barely miss Natasha.
Natasha is lightly wounded.
Natasha barely misses you.
You barely miss Natasha.
Natasha is lightly wounded.
Natasha closely misses you.
Natasha stares at you and mumbles some strange words.
The magic dart hits you!
* * * LOW HITPOINT WARNING * * *
You closely miss Natasha.
Natasha is lightly wounded.
Natasha claws you.
* * * LOW HITPOINT WARNING * * *
Natasha claws you but does no damage.
It was a potion of berserk rage.
A red film seems to cover your vision as you go berserk!
You feel yourself moving faster!
You feel mighty! Natasha claws you.
* * * LOW HITPOINT WARNING * * *
Natasha claws you.
You die...

#.# .# ..# .# #.# .# #.#
.# #)# .# ####.# .##
##.##.# ####..###
###...#.######.......###.
................@h.......
###......#####..#....##..
#.......# #..#..#.#
#.##...## #..#....#
#.###.## #..###..# #.#
### #..# ..# #.# #... ..
#.# #.... ... #.# #####
###


You could see Natasha.

Vanquished Creatures
  Natasha (D:3)
  An adder (D:3)
  2 worms
  3 dart slugs
  6 endoplasms
  2 giant cockroaches
  A goblin (D:1)
  5 hobgoblins
  4 jackals (D:3)
  A quokka (D:2)
  3 ball pythons (D:1)
  3 bats (D:1)
  A frilled lizard (D:2)
  5 kobolds
  6 rats
44 creatures vanquished.

Notes
Turn   | Place    | Note
-------+----------+-------------------------------------------
     0 | D:1      | zishaf the Barachi Warper began the quest for the Orb.
     0 | D:1      | Reached XP level 1. HP: 17/17 MP: 3/3
    65 | D:1      | Found a faded altar of an unknown god.
   200 | D:1      | Reached XP level 2. HP: 23/23 MP: 5/5
   218 | D:1      | Learned a level 2 spell: Blink
  1460 | D:2      | Reached XP level 3. HP: 23/28 MP: 6/6
  1869 | D:2      | Found a sparkling altar of Nemelex Xobeh.
  2560 | D:3      | Noticed Natasha
  2587 | D:3      | Killed Natasha
  2588 | D:3      | Reached skill level 1 in Shields
  2588 | D:3      | Reached skill level 4 in Translocations
  2588 | D:3      | Reached XP level 4. HP: 10/36 MP: 7/7
  3042 | D:3      | Noticed Natasha
  3055 | D:3      | HP: 1/55 [Natasha (4)]
  3055 | D:3      | Slain by Natasha

Illustrated notes

Levels and vault maps discovered:
D:1:      evilmike_arrival_fibonacci_small, layout_loops_ring,
          basic_ecumenical_altar, minmay_box_of_dots
D:2:      layout_basic, basic_altar
D:3:      layout_loops_corners, lemuel_tele_altar, uniq_natasha

Skill      XL: |  1  2  3 |
---------------+----------+-----
Fighting       | 3 |  3.7
Long Blades    | 3 |  3.0
Shields        | 1 |  1.3
Translocations | 4 |  4.2
Throwing       | |  1.0
Armour         | |  1.2
Dodging        | |  2.1
Spellcasting   | |  2.5

Action                   |  1- 3 |  4- 6 || total
-------------------------+-------+-------++-------
Melee: Falchion          |   126 |    43 ||   169
  Use: Potion            |       |     1 ||     1
Armor: Ring mail         |    37 |    16 ||    53
Dodge: Dodged            |    60 |    21 ||    81
Block: Buckler           |     9 |     3 ||    12

Table legend: (Time is in decaauts)
 A = Elapsed time spent in this place.
 B = Non-inter-level travel time spent in this place.
 C = Inter-level travel time spent in this place.
 D = Time resting spent in this place.
 E = Time spent auto-exploring this place.
 F = Levels seen in this place.
 G = Mean time per level.
                   A        B        C        D        E       F      G
               +--------+--------+--------+--------+--------+-----+--------+
         Total |   3450 |   3374 |     76 |    202 |   2728 |   3 | 1150.0 |
       Dungeon |   3450 |   3374 |     76 |    202 |   2728 |   3 | 1150.0 |
               +--------+--------+--------+--------+--------+-----+--------+

Top non-repeatable levels by time:
     D:2: 1558 daAuts
     D:1: 1214 daAuts
     D:3: 677 daAuts
